 Dungeon Crawl Stone Soup version 0.27-a0-1193-g8631133539 (webtiles) character file.

Game seed: 2155869596491193079

56 EnegeticOcto the Magician (level 4, -2/31 HPs)
             Began as a Djinni Earth Elementalist on May 25, 2021.
             Was an Initiate of Gozag.
             Slain by a frilled lizard (3 damage)
             ... on level 2 of the Dungeon.
             The game lasted 00:03:18 (474 turns).

EnegeticOcto the Magician (DjEE)                     Turns: 474, Time: 00:03:19

Health: -2/31      AC:  7    Str:  7    XL:     4   Next: 17%
Gold:   48         EV: 12    Int: 17    God:    Gozag SH:  0 Dex: 14

rFire    + + .     SeeInvis .   (no weapon)
rCold    x . .     Faith    .   (no shield)
rNeg     . . .     Spirit   .   c - +0 robe
rPois    ∞         Reflect  .   (no helmet)
rElec    .         Harm     .   (no cloak)
rCorr    .         Rampage  .   d - +0 pair of gloves
Will     .....                  (boots unavailable)
Stlth    ++........             (no amulet)
HPRegen  0.10/turn              e - +4 ring of protection
MPRegen  0.00/turn              (no ring)

@: flying
A: sickness immunity, fire resistance 2, cold vulnerability 1, float, innate
caster, hp casting, extra vitality 1
a: Renounce Religion, Potion Petition, Call Merchant, Bribe Branch


You were on level 2 of the Dungeon.
You worshipped Gozag.
Gozag was noncommittal.
You visited 1 branch of the dungeon, and saw 3 of its levels.

You collected 48 gold pieces.

Inventory:

Armour
 c - a +0 robe (worn)
 d - a +0 pair of gloves (worn)
   (You found it on level 3 of the Dungeon)
Jewellery
 e - a +4 ring of protection (left hand)
   (You found it on level 1 of the Dungeon)
Scrolls
 h - a scroll of amnesia
Potions
 a - a potion of attraction


   Skills:
 - Level 2.3 Dodging
 - Level 1.6 Stealth
 + Level 3.6 Spellcasting


You couldn't memorise any spells.
You knew the following spells:

 Your Spells              Type           Power      Damage    Failure   Level
a - Sandblast             Erth           30%        2d9       3%          1
b - Stone Arrow           Conj/Erth      30%        3d8       11%         3
c - Petrify               Tmut/Erth      15%        N/A       36%         4
d - Lee's Rapid Deconstr  Erth           7%         3d8*      71%         5
e - Foxfire               Conj/Fire      60%        2x1d7     3%          1
p - Passwall              Tmut/Erth      12%        N/A       5%          2
Your spell library was empty.

Dungeon Overview and Level Annotations

Branches:
Dungeon (3/15)

Altars:
Gozag
Kikubaaqudgha

Shops:
D:1 :[?*


Innate Abilities, Weirdness & Mutations

You are immune to sickness and miasma.
You are immune to poison.
Your flesh is very heat resistant. (rF++)
You are vulnerable to cold. (rC-)
You float through the air rather than walking.
You learn spells naturally, not from books.
Your magical power is your life essence.
You have superior vitality. (+4 HP)


Message History

Aim: a hobgoblin (wandering, hasn't noticed you, 79% to hit)
The blast of sand hits the hobgoblin!
You kill the hobgoblin!
Found an opulent altar of Gozag.
You see here a coppery potion.
You see here a coppery potion.
It was a potion of flight.
You feel more buoyant.
Casting: Sandblast (safe; 3% risk of failure)
Confirm with . or Enter, or press ? or * to list all spells.
Aiming: Sandblast (safe; 3% risk of failure)
Press: ? - help, Shift-Dir - straight line, f - orc
Aim: an orc, wielding a +0 dagger and wearing a +0 leather armour (79% to hit)
The blast of sand hits the orc but does no damage.
Casting: Sandblast (safe; 3% risk of failure)
Confirm with . or Enter, or press ? or * to list all spells.
Aiming: Sandblast (safe; 3% risk of failure)
Press: ? - help, Shift-Dir - straight line, f/p - orc
Aim: an orc, wielding a +0 dagger and wearing a +0 leather armour (79% to hit)
The blast of sand misses the orc.
The orc closely misses you.
Casting: Sandblast (safe; 3% risk of failure)
Confirm with . or Enter, or press ? or * to list all spells.
Aiming: Sandblast (safe; 3% risk of failure)
Press: ? - help, Shift-Dir - straight line, f/p - orc
Aim: an orc, wielding a +0 dagger and wearing a +0 leather armour (79% to hit)
The blast of sand hits the orc.
The orc is moderately wounded.
The orc hits you but does no damage.
Casting: Sandblast (safe; 3% risk of failure)
Confirm with . or Enter, or press ? or * to list all spells.
Aiming: Sandblast (safe; 3% risk of failure)
Press: ? - help, Shift-Dir - straight line, f/p - orc
Aim: an orc, wielding a +0 dagger and wearing a +0 leather armour (moderately wounded, 79% to hit)
The blast of sand hits the orc.
You kill the orc!
You now have no stones remaining.
Things that are here:
a +0 dagger; a +0 leather armour; an orc corpse You reach down and open the door.
Found a stone staircase leading up.
There is an open door here.
There is a stone staircase leading up here.
You fly upwards.
A frilled lizard and a kobold come into view.
The kobold is wielding a +0 dagger of venom.
The kobold shouts!
The frilled lizard hisses angrily.
The frilled lizard misses you.
There is a stone staircase leading down here.
Casting: Sandblast (safe; 3% risk of failure)
Confirm with . or Enter, or press ? or * to list all spells.
You don't have any stones to cast with.
Casting: Sandblast (safe; 3% risk of failure)
Confirm with . or Enter, or press ? or * to list all spells.
You don't have any stones to cast with.
Unknown command.
Found a faded altar of an unknown god.
Press: ? - help, v - describe, . - travel
Here: a kobold, wielding a +0 dagger of venom The floor.
A kobold comes into view. It is wielding a +0 dagger.
There is a faded altar of an unknown god here.
You cannot tell which god this altar belongs to.
Convert to them anyway?
Gozag accepts your prayer! Gozag welcomes you!
Gozag waives the service fee.
The frilled lizard barely misses you. The kobold misses you.
The frilled lizard barely misses you. The kobold hits you with a +0 dagger.
The frilled lizard barely misses you. The kobold hits you but does no damage.
The frilled lizard barely misses you. The kobold closely misses you.
The frilled lizard closely misses you. The kobold hits you with a +0 dagger.
* * * LOW HITPOINT WARNING * * *
The frilled lizard barely misses you. The kobold hits you with a +0 dagger.
* * * LOW HITPOINT WARNING * * *
The frilled lizard bites you but does no damage.
The kobold hits you with a +0 dagger.
* * * LOW HITPOINT WARNING * * *
The frilled lizard bites you but does no damage.
The kobold completely misses you. The frilled lizard closely misses you.
The kobold barely misses you.
The frilled lizard bites you but does no damage.
The kobold barely misses you. The frilled lizard closely misses you.
The kobold hits you with a +0 dagger.
* * * LOW HITPOINT WARNING * * *
The frilled lizard barely misses you. The kobold hits you but does no damage.
The frilled lizard misses you. The kobold hits you but does no damage.
The frilled lizard bites you but does no damage.
The kobold hits you with a +0 dagger.
* * * LOW HITPOINT WARNING * * *
The frilled lizard barely misses you. The kobold hits you with a +0 dagger.
* * * LOW HITPOINT WARNING * * *
The frilled lizard barely misses you. The kobold misses you.
The frilled lizard closely misses you. The kobold hits you but does no damage.
The frilled lizard barely misses you. The kobold barely misses you.
The frilled lizard bites you.
You die...
Your body crumbles into a pile of gold.

#..# #... #. ###
.... #..[#.#..#..
.... #...#.#..#.#
..... #...#.#..#.#
.....
...#..#.#......
#..#....#......
..#....K......
##.#..♣@.......
#..#.>#.♣l♣.......
#.......K♣........
#.##.#.......#####
# #.######### #.
.. .# #.


You could see 2 kobolds and a frilled lizard.

Vanquished Creatures
  An orc wizard (D:3)
  A dart slug (D:2)
  3 orcs (D:3)
  5 ball pythons
  A bat (D:2)
  2 endoplasms
  2 giant cockroaches
  A goblin (D:2)
  3 hobgoblins
  2 jackals (D:1)
  2 kobolds
  A frilled lizard (D:3)
24 creatures vanquished.

Vanquished Creatures (others)
  2 foxfires (D:2)
2 creatures vanquished.

Grand Total: 26 creatures vanquished

Notes
Turn   | Place    | Note
-------+----------+-------------------------------------------
     0 | D:1      | EnegeticOcto the Djinni Earth Elementalist began the quest
                  | for the Orb.
     0 | D:1      | Reached XP level 1. HP: 15/15 MP: 0/0
     0 | D:1      | Found Mar Ceur's Assorted Antiques.
    98 | D:1      | Reached XP level 2. HP: 18/21 MP: 0/0
    98 | D:1      | Found Pelocsuwk's Armour Shoppe.
   124 | D:1      | Found Funyakla's Book Shop.
   150 | D:1      | Found Ruagan's Magic Scroll Emporium.
   273 | D:2      | Reached skill level 3 in Spellcasting
   319 | D:2      | Reached XP level 3. HP: 17/25 MP: 0/0
   319 | D:2      | Learned a level 1 spell: Foxfire
   376 | D:3      | Reached XP level 4. HP: 15/31 MP: 0/0
   422 | D:3      | Found an opulent altar of Gozag.
   451 | D:2      | Found a faded altar of an unknown god.
   455 | D:2      | Became a worshipper of Gozag Ym Sagoz the Greedy
   471 | D:2      | HP: 1/31 [kobold/+0 dagger (1)]
   474 | D:2      | Slain by a frilled lizard

Illustrated notes

Levels and vault maps discovered:
D:1:      wander_arrival_lonely_grave, layout_basic, serial_shops, shop, shop,
          nicolae_shop_stone, shop, shop, minmay_misc_feat_rows
D:2:      minmay_razor_zed, layout_basic, chequers_ecumenical_altar_simple,
          minmay_pentomino_s2
D:3:      layout_basic, minitemple, serial_bayou_ford_a,
          kennysheep_decorative_pillar, st_stairs_13

Skill      XL: |  1  2 |
---------------+-------+-----
Spellcasting   | 3 |  3.6
Dodging        | |  2.3
Stealth        | |  1.6

Action                   |  1- 3 |  4- 6 || total
-------------------------+-------+-------++-------
Melee: Unarmed           |     1 |       ||     1
 Cast: Sandblast         |    34 |     9 ||    43
       Foxfire           |     1 |       ||     1
  Use: Scroll            |     5 |       ||     5
       Potion            |     2 |     1 ||     3
Armor: Robe              |     7 |     9 ||    16
Dodge: Dodged            |    13 |    24 ||    37

Table legend: (Time is in decaauts)
 A = Elapsed time spent in this place.
 B = Non-inter-level travel time spent in this place.
 C = Inter-level travel time spent in this place.
 D = Time resting spent in this place.
 E = Time spent auto-exploring this place.
 F = Levels seen in this place.
 G = Mean time per level.
                   A        B        C        D        E       F      G
               +--------+--------+--------+--------+--------+-----+--------+
         Total |    473 |    473 |      0 |      0 |      0 |   3 |  157.7 |
       Dungeon |    473 |    473 |      0 |      0 |      0 |   3 |  157.7 |
               +--------+--------+--------+--------+--------+-----+--------+

Top non-repeatable levels by time:
     D:2: 210 daAuts
     D:1: 173 daAuts
     D:3: 89 daAuts
